 Dungeon Crawl Stone Soup version 0.20.0-8-g6b59dc7 (webtiles) character file.

13461 Gorglomux the Covert (level 12, -2/67 HPs)
             Began as a Vine Stalker Assassin on May 30, 2017.
             Was a High Priest of Okawaru.
             Slain by a polar bear (11 damage)
             ... on level 2 of the Lair of Beasts.
             The game lasted 00:56:39 (10284 turns).

Gorglomux the Covert (Vine Stalker Assassin)       Turns: 10284, Time: 00:56:40

Health: -2/67      AC: 11    Str: 15    XL:     12   Next: 6%
Magic:  0/17       EV:  8    Int: 11    God:    Okawaru [*****.]
Gold:   518        SH:  0    Dex: 20    Spells: 13/16 levels left

rFire    . . .     SeeInvis .   a - +0 rapier
rCold    . . .     Gourm    .   (no shield)
rNeg     . . .     Faith    .   g - +0 robe
rPois    +         Spirit   +   q - +0 helmet
rElec    .         Reflect  .   B - +2 cloak {rPois}
rCorr    .         Harm     .   D - +0 pair of gloves
MR       +....                  (no boots)
Stlth    +++++.....             v - amulet of magic regeneration
Regen    1.1/turn               X - +3 ring of protection
MPRegen  0.3/turn               y - +3 ring of slaying

@: held
A: fangs 3, regeneration 2, magic shield, antimagic bite, no potion heal 3, rot
immunity
a: Heroism, Finesse, Renounce Religion


You were on level 2 of the Lair of Beasts.
You worshipped Okawaru.
Okawaru was extremely pleased with you.
You were not hungry.

You visited 3 branches of the dungeon, and saw 14 of its levels.
You also visited: Ice Cave.

You collected 518 gold pieces.

Inventory:

Hand Weapons
 a - a +0 rapier (weapon)
 b - a +0 blowgun
Missiles
 e - 10 poisoned needles
 i - 14 silver javelins (quivered) {god gift}
 s - 5 javelins
 O - 2 curare-tipped needles
Armour
 g - a +0 robe (worn)
 q - a +0 helmet (worn)
 B - a +2 cloak of poison resistance (worn)
 D - a +0 pair of gloves (worn)
Jewellery
 f - an uncursed ring of protection from fire
 m - an uncursed ring of protection from magic
 v - an amulet of magic regeneration (around neck)
 y - a +3 ring of slaying (right hand)
 X - a +3 ring of protection (left hand)
Wands
 A - a wand of acid (4/15)
 C - a wand of confusion (25/48)
 E - a wand of enslavement (13/24)
 I - a wand of iceblast (7/15)
Scrolls
 d - a scroll of torment {unknown}
 k - a scroll of fog
 n - a scroll of fear {unknown}
 p - 2 scrolls of vulnerability
 t - a scroll of summoning {unknown}
 w - a scroll of enchant weapon {unknown}
 x - 3 scrolls of enchant armour
 G - 2 scrolls of teleportation {unknown}
 L - a scroll of remove curse
 M - 3 scrolls of magic mapping
 N - 2 scrolls of recharging {unknown}
 Z - a scroll of immolation {unknown}
Potions
 h - a potion of magic
 j - a potion of mutation {!q}
 r - a potion of resistance
 u - a potion of invisibility
 H - 4 potions of brilliance
 P - 5 potions of haste
 Q - 3 potions of curing
 S - 2 potions of flight
 V - a potion of degeneration {unknown}
 W - a potion of cancellation {unknown}
 Y - 3 potions of agility
Comestibles
 c - 12 bread rations
 z - 4 meat rations
 J - 4 fruits
 T - 6 chunks of flesh
 U - 7 royal jellies


   Skills:
 + Level 9.4 Fighting
 + Level 9.0 Short Blades
 - Level 1.7 Throwing
 - Level 4.6 Armour
 - Level 4.7 Dodging
 - Level 10.1 Stealth
 + Level 2.8 Spellcasting
 + Level 2.9 Translocations
 + Level 6.4 Invocations


You had 13 spell levels left.
You knew the following spells:

 Your Spells              Type           Power        Failure   Level  Hunger
d - Blink                 Tloc           N/A          12%         2    ###....
o - Apportation           Tloc           #.....       9%          1    #......


Dungeon Overview and Level Annotations

Branches:
Dungeon (11/15)            Temple (1/1) D:6            Lair (2/6) D:10
 Spider (0/4) Lair:2          Orc (0/2) D:9
  Swamp: Lair:2-4    Shoals: Lair:2-4

Altars:
Ashenzari
Cheibriados
Dithmenos
Elyvilon
Fedhas
Gozag
Hepliaklqana
Kikubaaqudgha
Makhleb
Nemelex Xobeh
Okawaru
Qazlal
Ru
Sif Muna
Trog
Uskayaw
Vehumet
Xom
Yredelemnul
Zin
The Shining One

Shops:
D:4 :[   D:8 :

Annotations:
D:5 anfisbena's ghost, novice OgHu


Innate Abilities, Weirdness & Mutations

You have razor-sharp teeth.
You heal very quickly.
When hurt, damage is shared between your health and your magic reserves.
Your bite disrupts and absorbs the magic of your enemies.
Potions cannot restore your health.
You are immune to rotting.


Message History

The jumping spider is almost dead.
The polar bear misses you.
The polar bear claws you but does no damage.
The polar bear barely misses you. The jumping spider pounces on you!
The jumping spider bites you but does no damage.
You closely miss the jumping spider.
You bite the jumping spider, but do no damage.
The jumping spider is almost dead.
The jumping spider pounces on you!!
* * * LOW HITPOINT WARNING * * *
You are caught in a web!
The jumping spider bites you.
* * * LOW HITPOINT WARNING * * *
The polar bear barely misses you. The polar bear completely misses you.
The polar bear claws you but does no damage.
The web tears apart.
The jumping spider pounces on you.
* * * LOW HITPOINT WARNING * * *
You are caught in a web!
The jumping spider bites you but does no damage.
The polar bear bites you!
You die...

##.§........ ...
...........
..#######
##.(..>.....
#........
..........###.......
.......P###...#...#
#......##......#
#....##.......##
#(#h###.....#...#
####@##.....#.†##
#.#s...#####..#
#...### ##.##
#...#.# #..#
#..###.# #..#### ###
### ##.##.##
#...#... ####.......
##.#.#......


You could see a polar bear and a jumping spider.

Vanquished Creatures
  Erica (D:9)
  Pikel (D:8)
  Joseph (D:7)
  A black mamba (Lair:1)
  A spiny frog (Lair:1)
  3 komodo dragons (Lair:1)
  2 ice devils (Lair:1)
  A troll (D:9)
  6 jumping spiders
  2 hippogriffs (D:10)
  A redback (Lair:1)
  2 hogs (D:7)
  Sigmund (D:3)
  2 yaks (D:7)
  2 basilisks
  A human (D:7)
  Duvessa (D:5)
  2 water moccasins
  5 porcupines
  6 orc warriors
  A sky beast (D:10)
  A slave (D:8)
  5 ogres
  2 phantoms
  2 centaurs
  3 ice beasts
  14 wolves
  2 crocodiles
  Blork the orc (D:8)
  4 big kobolds (D:9)
  10 bullfrogs
  3 gnoll sergeants (D:9)
  A water moccasin zombie (D:5)
  3 scorpions
  Dowan (D:5)
  3 killer bees (D:9)
  9 crimson imps
  A bullfrog zombie (D:5)
  3 hounds
  2 jellies
  Crazy Yiuf (D:7)
  7 orc priests
  A bullfrog skeleton (D:10)
  A gnoll shaman (D:6)
  2 iguanas
  7 orc wizards
  Natasha (thrice) (D:3)
  A centaur skeleton (D:8)
  8 worker ants
  4 hound zombies
  Robin (D:3)
  5 adders
  10 gnolls
  A howler monkey skeleton (D:5)
  A shadow imp (D:6)
  8 white imps (IceCv)
  2 ufetubi (IceCv)
  An ooze (D:2)
  4 adder skeletons
  2 worms
  2 dart slugs
  4 leopard geckos
  34 orcs
  3 bats
  5 giant cockroaches
  2 gnoll zombies (D:3)
  7 goblins
  12 hobgoblins
  19 jackals
  10 kobolds
  8 quokkas
  A ball python (D:1)
  3 frilled lizards
  4 rats
  2 fungi (D:7)
299 creatures vanquished.

Vanquished Creatures (others)
  A hound skeleton (D:8)
  A white imp (IceCv)
  An ufetubus (IceCv)
  An orc (D:7)
  A jackal (D:8)
  A plant (Lair:2)
6 creatures vanquished.

Grand Total: 305 creatures vanquished

Notes
Turn   | Place    | Note
-------+----------+-------------------------------------------
     0 | D:1      | Gorglomux the Vine Stalker Assassin began the quest for the Orb.
     0 | D:1      | Reached XP level 1. HP: 11/11 MP: 2/2
   130 | D:1      | Reached XP level 2. HP: 11/15 MP: 3/3
   183 | D:1      | Reached skill level 5 in Stealth
   452 | D:1      | Reached XP level 3. HP: 19/19 MP: 4/4
  1163 | D:3      | Found a shadowy altar of Dithmenos.
  1171 | D:3      | Noticed Sigmund
  1222 | D:3      | Killed Sigmund
  1222 | D:3      | Reached skill level 3 in Fighting
  1222 | D:3      | Reached skill level 3 in Short Blades
  1222 | D:3      | Reached skill level 6 in Stealth
  1222 | D:3      | Gained mutation: Your natural rate of healing is unusually fast. [Vine Stalker growth]
  1222 | D:3      | Reached XP level 4. HP: 3/24 MP: 1/5
  1222 | D:3      | Reached XP level 5. HP: 4/28 MP: 1/6
  1603 | D:3      | Noticed Robin
  1642 | D:3      | Killed Robin
  1642 | D:3      | Reached XP level 6. HP: 27/33 MP: 7/7
  1743 | D:3      | Found a glowing silver altar of Zin.
  1743 | D:3      | Noticed an angel
  1791 | D:3      | Noticed Natasha
  1795 | D:3      | Killed Natasha
  1836 | D:3      | Killed Natasha
  1999 | D:3      | Noticed Natasha
  2006 | D:3      | Killed Natasha
  2076 | D:3      | Found a basalt altar of Yredelemnul.
  2204 | D:4      | Found Ganon's Antique Armour Emporium.
  2307 | D:4      | Found a white marble altar of Elyvilon.
  2420 | D:4      | Reached XP level 7. HP: 37/37 MP: 8/8
  2740 | D:4      | Found Luoqoal's Book Emporium.
  2762 | D:5      | Entered Level 5 of the Dungeon
  2798 | D:5      | Reached skill level 7 in Stealth
  2997 | D:5      | Noticed anfisbena's ghost (novice OgHu)
  3403 | D:5      | Found a glowing golden altar of the Shining One.
  3508 | D:5      | Reached skill level 8 in Stealth
  3508 | D:5      | Gained mutation: You have razor-sharp teeth. [Vine Stalker growth]
  3508 | D:5      | Reached XP level 8. HP: 43/43 MP: 9/9
  3559 | D:5      | Noticed Dowan
  3561 | D:5      | Noticed Duvessa
  3568 | D:5      | Killed Dowan
  3579 | D:5      | Noticed Blork the orc
  3593 | D:5      | Killed Duvessa
  3813 | D:6      | Found a staircase to the Ecumenical Temple.
  3820 | Temple   | Entered the Ecumenical Temple
  3960 | D:6      | Found an ancient bone altar of Kikubaaqudgha.
  4095 | D:6      | Found an iron altar of Okawaru.
  4100 | D:6      | Reached skill level 9 in Stealth
  4113 | D:6      | Became a worshipper of Warmaster Okawaru
  4225 | D:7      | Reached skill level 6 in Fighting
  4272 | D:7      | Found a shattered altar of Ashenzari.
  4396 | D:6      | Found an ancient bone altar of Kikubaaqudgha.
  4396 | D:6      | Found a snail-covered altar of Cheibriados.
  4396 | D:6      | Found a hide-covered altar of Uskayaw.
  4452 | D:7      | Noticed Joseph
  4673 | D:7      | Reached skill level 6 in Short Blades
  4673 | D:7      | Reached XP level 9. HP: 47/48 MP: 10/10
  4731 | D:7      | HP: 2/49 [Joseph/quarterstaff (6)]
  4744 | D:7      | Killed Joseph
  4744 | D:7      | Reached * piety under Okawaru
  4744 | D:7      | Reached skill level 10 in Stealth
  4900 | D:7      | Reached skill level 1 in Dodging
  4906 | D:7      | Reached ** piety under Okawaru
  4906 | D:7      | Reached skill level 1 in Invocations
  4917 | D:7      | Reached skill level 1 in Armour
  5426 | D:7      | Found a runed door.
  5430 | D:7      | Noticed Crazy Yiuf
  5441 | D:7      | Killed Crazy Yiuf
  5607 | D:8      | Noticed Pikel
  5635 | D:8      | Killed Pikel
  5635 | D:8      | Reached *** piety under Okawaru
  5635 | D:8      | Reached XP level 10. HP: 24/55 MP: 5/13
  5695 | D:8      | Found a sacrificial altar of Ru.
  5750 | D:8      | Killed Blork the orc
  5750 | D:8      | Reached skill level 3 in Invocations
  5785 | D:8      | Found Kaikutof's Book Boutique.
  6678 | D:9      | Reached skill level 3 in Armour
  6705 | D:9      | Found a staircase to the Orcish Mines.
  6727 | D:9      | Reached skill level 3 in Dodging
  7072 | D:9      | Reached **** piety under Okawaru
  7101 | D:9      | Noticed Erica
  7128 | D:9      | Killed Erica
  7128 | D:9      | Received a gift from Okawaru
  7464 | D:9      | Reached XP level 11. HP: 58/60 MP: 15/15
  7561 | D:10     | Entered Level 10 of the Dungeon
  7845 | D:10     | Found a staircase to the Lair.
  7933 | D:10     | Reached ***** piety under Okawaru
  8437 | D:11     | Noticed a four-headed hydra
  8553 | Lair:1   | Entered Level 1 of the Lair of Beasts
  8600 | Lair:1   | Found a frozen archway.
  8611 | IceCv    | Entered an ice cave
  8769 | Lair:1   | Received a gift from Okawaru
  8952 | Lair:1   | Learned a level 2 spell: Blink
  8954 | Lair:1   | Learned a level 1 spell: Apportation
  9114 | Lair:1   | Reached skill level 9 in Fighting
  9114 | Lair:1   | Reached skill level 1 in Translocations
  9405 | Lair:1   | Reached skill level 1 in Spellcasting
  9534 | Lair:2   | Reached skill level 6 in Invocations
  9806 | Lair:2   | Found a hole to the Spider Nest.
  9908 | Lair:1   | Received a gift from Okawaru
 10168 | Lair:2   | Reached skill level 9 in Short Blades
 10168 | Lair:2   | Gained mutation: You heal very quickly. [Vine Stalker growth]
 10168 | Lair:2   | Reached XP level 12. HP: 47/66 MP: 17/17
 10284 | Lair:2   | Slain by a polar bear

Skill      XL: |  1  2  3  4  5  6  7  8  9 10 11 |
---------------+----------------------------------+-----
Fighting       | 2 3 4 5 6 7 8 9 |  9.4
Stealth        | 5 6 8 9 10 | 10.1
Short Blades   | 2 3 4 6 7 8 9 |  9.0
Dodging        | 2 3 4 |  4.7
Invocations    | 2 4 6 |  6.4
Armour         | 2 3 4 |  4.6
Translocations | 2 |  2.9
Spellcasting   | 2 |  2.8
Throwing       | |  1.7

Action                   |  1- 3 |  4- 6 |  7- 9 | 10-12 || total
-------------------------+-------+-------+-------+-------++-------
Melee: Dagger            |    70 |    82 |   311 |   403 ||   866
       Bite              |    14 |    28 |   125 |   189 ||   356
       Rapier            |       |       |       |   139 ||   139
       Punch             |       |       |       |     3 ||     3
 Fire: Blowgun           |    15 |     4 |     7 |    30 ||    56
Throw: Javelin           |     5 |     6 |       |     2 ||    13
Invok: Heroism           |       |       |       |     5 ||     5
       Finesse           |       |       |       |     1 ||     1
Evoke: Wand              |       |       |       |     1 ||     1
  Use: Scroll            |     6 |     4 |     2 |     7 ||    19
       Potion            |     3 |       |     1 |     2 ||     6
 Stab: Distracted        |     1 |       |     1 |     2 ||     4
       Sleeping          |     2 |     4 |    20 |    34 ||    60
       Confused          |       |       |     2 |     5 ||     7
       Invisible         |       |       |     2 |       ||     2
  Eat: Chunk             |     1 |     3 |    11 |    12 ||    27
       Meat ration       |       |       |       |     1 ||     1
Armor: Robe              |    19 |    10 |    58 |   154 ||   241
Dodge: Dodged            |    59 |    21 |    98 |   342 ||   520
